 Dungeon Crawl Stone Soup version 0.23.2-33-g5129a83184 (webtiles) character file.

Game seed: 10032456078959448433

167 H0rd4k the Charlatan (level 5, -1/38 HPs)
             Began as a Human Artificer on Aug 5, 2019.
             Killed from afar by an orc wizard (9 damage)
             ... with a magic dart
             ... on level 4 of the Dungeon.
             The game lasted 00:03:45 (3175 turns).

H0rd4k the Charlatan (Human Artificer)              Turns: 3175, Time: 00:03:46

Health: -1/38      AC:  5    Str: 13    XL:     5   Next: 76%
Magic:  7/7        EV: 13    Int: 11    God:
Gold:   165        SH:  0    Dex: 14    Spells: 4/4 levels left

rFire    . . .     SeeInvis .   a - +0 short sword
rCold    . . .     Gourm    +   (no shield)
rNeg     . . .     Faith    .   b - +0 leather armour
rPois    .         Spirit   .   (no helmet)
rElec    .         Reflect  .   (no cloak)
rCorr    .         Harm     .   o - +1 pair of gloves
MR       .....                  (no boots)
Stlth    +.........             t - amulet of the gourmand
HPRegen  0.12/turn              (no ring)
MPRegen  0.10/turn              (no ring)

@: confused
A: no striking features
a: no special abilities


You were on level 4 of the Dungeon.
You were very hungry.

You visited 1 branch of the dungeon, and saw 4 of its levels.

You collected 165 gold pieces.

Inventory:

Hand Weapons
 a - a +0 short sword (weapon)
 v - a cursed -3 spear
Missiles
 g - 29 poisoned needles
Armour
 b - a +0 leather armour (worn)
 o - a +1 pair of gloves (worn)
Jewellery
 t - an amulet of the gourmand (around neck)
Wands
 d - a wand of enslavement (15)
 e - a wand of random effects (8)
 w - a wand of polymorph (6)
Scrolls
 i - 5 scrolls of identify {unknown}
 j - a scroll of fog {unknown}
 k - a scroll of enchant armour {unknown}
 m - a scroll of noise {unknown}
 n - 2 scrolls of remove curse {unknown}
 s - 3 scrolls of teleportation {unknown}
Potions
 h - 2 potions of heal wounds
 l - a potion of magic {unknown}
 p - a potion of curing {unknown}
 q - a potion of resistance {unknown}
 r - 2 potions of might {unknown}
 u - a potion of haste {unknown}
Comestibles
 f - 9 rations


   Skills:
 + Level 1.7 Fighting
 + Level 2.8 Short Blades
 + Level 1.4 Armour
 + Level 2.9 Dodging
 + Level 1.4 Stealth
 + Level 3.9 Evocations


You had 4 spell levels left.
You didn't know any spells.
Your spell library contained the following spells:

 Spells                   Type           Power        Failure   Level  Hunger
 Confusing Touch          Hex            #.....       41%         1    ##.....
 Confuse                  Hex            #.......     80%         3    ####...
 Gell's Gravitas          Tloc           #.........   80%         3    ####...
 Petrify                  Tmut/Erth      #.......     99%         4    #####..
 Metabolic Englaciation   Hex/Ice        #.........   100%        5    ######.
 Yara's Violent Unravell  Hex/Tmut       #.........   100%        5    ######.


Dungeon Overview and Level Annotations

Branches:
Dungeon (4/15)
 Temple: D:4-7

Altars:

Annotations:
D:3 exclusion: 2 downstairs


Message History

Something hits you.
* * * LOW HITPOINT WARNING * * *
Something hits you but does no damage.
You hear some strange, mumbled words.
You are confused.
There is a stone staircase leading up here.
Evoke which item? (* to show all) (? for menu, Esc to quit)
You don't have any such object.
Evoke which item? (* to show all) (? for menu, Esc to quit)
Okay, then.
An orc wizard appears from thin air!
Reactivating autopickup.
The orc wizard casts a spell at you. The magic dart hits you.
* * * LOW HITPOINT WARNING * * *
In your confused state, you trip and fall back down the stairs.
* * * LOW HITPOINT WARNING * * *
The orc wizard casts a spell at you. The magic dart hits you!
You die...

###########
########...)......
#@o......######...
#.######## #.##
#.# #.## #.#
##.###o.# #.#
......... #.#
.#.###..# #.# #.w#
#.# #..# ....


You could see an orc wizard.

Vanquished Creatures
  A scorpion (D:4)
  An orc priest (D:4)
  An orc wizard (D:4)
  4 worms
  2 dart slugs
  2 leopard geckos
  3 orcs
  3 giant cockroaches
  4 hobgoblins
  5 jackals
  2 kobolds (D:3)
  A ball python (D:1)
  7 bats
  3 frilled lizards (D:2)
  3 goblins
  2 quokka skeletons
  4 rats (D:2)
48 creatures vanquished.

Notes
Turn   | Place    | Note
-------+----------+-------------------------------------------
     0 | D:1      | H0rd4k the Human Artificer began the quest for the Orb.
     0 | D:1      | Reached XP level 1. HP: 15/15 MP: 3/3
   332 | D:1      | Reached XP level 2. HP: 20/21 MP: 4/4
  1191 | D:2      | Reached XP level 3. HP: 10/26 MP: 5/5
  1686 | D:2      | Found a faded altar of an unknown god.
  2457 | D:3      | Reached XP level 4. HP: 25/32 MP: 6/6
  2857 | D:4      | Reached skill level 1 in Armour
  2857 | D:4      | Reached XP level 5. HP: 15/37 MP: 7/7
  3175 | D:4      | Killed from afar by an orc wizard

Skill      XL: |  1  2  3  4 |
---------------+-------------+-----
Short Blades   | 2 |  2.8
Armour         | 1 |  1.4
Fighting       | |  1.7
Dodging        | |  2.9
Stealth        | |  1.4
Evocations     | |  3.9

Action                   |  1- 3 |  4- 6 || total
-------------------------+-------+-------++-------
Melee: Short sword       |   165 |    55 ||   220
Evoke: Wand              |     7 |    15 ||    22
  Use: Potion            |       |     2 ||     2
 Stab: Sleeping          |     2 |       ||     2
       Paralysed         |       |     2 ||     2
  Eat: Chunk             |     4 |     2 ||     6
Armor: Leather armour    |    56 |    22 ||    78
Dodge: Dodged            |   114 |    42 ||   156
